 Dungeon Sprint DCSS version 0.21-a0-229-g3587535 (webtiles) character file.

8924 terra52 the Ninja (level 11, -7/80 HPs)
             Began as a Vampire Assassin on Sept 1, 2017.
             Was a Priest of Hepliaklqana.
             Mangled by a demonic crawler (10 damage)
             ... in the Dungeon (Sprint I: "Red Sonja").
             The game lasted 00:12:11 (2075 turns).

terra52 the Ninja (Vampire Assassin)                Turns: 2075, Time: 00:12:13

Health: -7/80      AC:  6    Str: 10    XL:     11   Next: 16%
Magic:  11/11      EV: 14    Int: 14    God:    Hepliaklqana [***...]
Gold:   745        SH:  4    Dex: 19    Spells: 10/10 levels left

rFire    + . .     SeeInvis +   o - +1 short sword (distort)
rCold    + . .     Gourm    .   (no shield)
rNeg     + + .     Faith    .   q - +3 leather armour {rF+}
rPois    +         Spirit   .   (helmet restricted)
rElec    .         Reflect  .   d - +0 cloak
rCorr    .         Harm     .   (no gloves)
MR       +....     NoTele   +   (no boots)
Stlth    ++++++++++             (no amulet)
HPRegen  0.11/turn              (no ring)
MPRegen  0.12/turn              (no ring)

@: regenerating slowly
A: reduced essence, fangs 3, horns 1, large bone plates 1, see invisible,
berserk 1, deformed body, wild magic 1, unbreathing, MP-powered wands
a: Bat Form, Recall Ancestor, Ancestor Identity, Transference, Renounce Religion


You were in the Dungeon.
You worshipped Hepliaklqana.
Hepliaklqana was most pleased with you.
You were thirsty.

You visited 1 branch You collected 1323 gold pieces.
You spent 578 gold pieces at shops.

Inventory:

Hand Weapons
 a - a +3 dagger
 b - a +0 blowgun
 o - a +1 short sword of distortion (weapon)
Missiles
 e - 8 poisoned needles
 f - 6 curare-tipped needles
Armour
 c - a +0 robe
 d - a +0 cloak (worn)
 n - a +3 scale mail of magic resistance
 q - a +3 leather armour of fire resistance (worn)
Wands
 r - a wand of flame (27/48)
Scrolls
 m - a scroll of blinking
 s - a scroll of magic mapping {unknown}
 u - a scroll of brand weapon {unknown}
Potions
 h - 4 potions of curing
 i - a potion of heal wounds
 k - 2 potions of magic
 t - a potion of brilliance {unknown}


   Skills:
 * Level 9.2 Fighting
 * Level 13.9 Short Blades
 + Level 5.6 Throwing
 + Level 4.6 Armour
 + Level 4.4 Dodging
 O Level 27 Stealth


You had 10 spell levels left.
You didn't know any spells.

Dungeon Overview and Level Annotations

Branches:
Dungeon (1/1)

Altars:
Cheibriados
Dithmenos
Elyvilon
Fedhas
Gozag
Hepliaklqana
Kikubaaqudgha
Makhleb
Nemelex Xobeh
Okawaru
Qazlal
Ru
Sif Muna
Trog
Uskayaw
Vehumet
Wu Jian
Xom
Yredelemnul
Zin
The Shining One
Jiyva
Lugonu

Shops:
D }[(=??%:[*?:[(?*[![[:


Innate Abilities, Weirdness & Mutations

You heal slowly.
You have razor-sharp teeth.
You have supernaturally acute eyesight. (SInv)
You can survive without breathing.
Your life essence is reduced to manifest your ancestor. (-10% HP)
You have a pair of small horns on your head.
You are partially covered in large bone plates. (SH +4)
You tend to lose your temper in combat.
Armour fits poorly on your strangely shaped body.
Your spells are a little harder to cast, but a little more powerful.
You expend magic power (3 MP) to strengthen your wands.


Message History

The demonic crawler hits you!
* * * LOW HITPOINT WARNING * * *
The demonic crawler hits you!
* * * LOW HITPOINT WARNING * * *
The demonic crawler hits you.
* * * LOW HITPOINT WARNING * * *
You puncture the demonic crawler!
Space bends around the demonic crawler.
You headbutt the demonic crawler, but do no damage.
The demonic crawler is severely wounded.
The demonic crawler barely misses Arif.
The demonic crawler hits Arif.
The demonic crawler hits Arif!
Arif hits the demonic crawler with a flail.
Unknown command.
You hit the demonic crawler.
The demonic crawler looks slightly unstable.
You headbutt the demonic crawler, but do no damage.
The demonic crawler is severely wounded.
The demonic crawler hits you but does no damage.
The demonic crawler hits you!
You die...

#######################
#.)'..#.)'..#__#Rss..)#
'..#.)'..#..'^.'@s#...##+#
#####'#####'#__####)..'..#
####..#...#.####§§#####..+
#__####..##%#§§≈.§#..# +##
#_____##'#_.§§§≈§§§..#
#_.∩...'..._#≈§≈.§#§.#
#_..__##_.#'##§#####'###
#_____###'#)#§%.[###§§.#
#########.####'###.###.#


You could see the friendly Arif the knight and 3 demonic crawlers.

Vanquished Creatures
  2 centaur warriors (D)
  Sonja (D)
  A deep troll (D)
  An unseen horror (D)
  An oklob plant (D)
  3 shining eyes (D)
  2 kobold demonologists (D)
  A hornet (D)
  A slime creature (D)
  2 redbacks (D)
  Sigmund (D)
  A yak (D)
  6 floating eyes (D)
  4 necrophages (D)
  An ogre (D)
  4 jellies (D)
  Ijyb (D)
  A ballistomycete spore (D)
34 creatures vanquished.

Vanquished Creatures (collateral kills)
  2 shining eyes (D)
  A demonic crawler (D)
  A necrophage (D)
  3 jellies (D)
7 creatures vanquished.

Vanquished Creatures (others)
  2 shining eyes (D)
  A necrophage (D)
  A jelly (D)
  A knight (D)
  An ancestor (D)
  A ballistomycete spore (D)
7 creatures vanquished.

Grand Total: 48 creatures vanquished

Notes
Turn   | Place    | Note
-------+----------+-------------------------------------------
     0 | D        | terra52 the Vampire Assassin began the quest for the Orb.
     0 | D        | Reached XP level 1. HP: 16/16 MP: 1/1
     3 | D        | Noticed Ijyb
     5 | D        | Killed Ijyb
     5 | D        | Reached skill level 9 in Stealth
     5 | D        | Reached XP level 2. HP: 22/22 MP: 2/2
    10 | D        | Noticed an ogre
    15 | D        | Killed an ogre
    15 | D        | Reached skill level 12 in Stealth
    15 | D        | Reached XP level 3. HP: 16/28 MP: 3/3
    15 | D        | Reached XP level 4. HP: 20/34 MP: 4/4
   192 | D        | Noticed Sigmund
   194 | D        | Killed Sigmund
   194 | D        | Reached skill level 5 in Short Blades
   194 | D        | Reached skill level 15 in Stealth
   194 | D        | Reached XP level 5. HP: 42/42 MP: 5/5
   207 | D        | Found an ornate altar of the Wu Jian Council.
   207 | D        | Found a deep blue altar of Sif Muna.
   209 | D        | Found a radiant altar of Vehumet.
   213 | D        | Reached skill level 16 in Stealth
   213 | D        | Reached XP level 6. HP: 48/48 MP: 6/6
   238 | D        | Found Fuop's Jewellery Emporium.
   238 | D        | Found an ancient bone altar of Kikubaaqudgha.
   238 | D        | Found a hazy altar of Hepliaklqana.
   238 | D        | Found a stormy altar of Qazlal.
   238 | D        | Found a hide-covered altar of Uskayaw.
   238 | D        | Found a blossoming altar of Fedhas.
   238 | D        | Found a bloodstained altar of Trog.
   238 | D        | Found an iron altar of Okawaru.
   238 | D        | Found a basalt altar of Yredelemnul.
   238 | D        | Found a glowing golden altar of the Shining One.
   238 | D        | Found a snail-covered altar of Cheibriados.
   238 | D        | Found a sacrificial altar of Ru.
   238 | D        | Found a glowing silver altar of Zin.
   238 | D        | Found a shadowy altar of Dithmenos.
   238 | D        | Found a white marble altar of Elyvilon.
   238 | D        | Noticed a yak
   239 | D        | Found an opulent altar of Gozag.
   240 | D        | Killed a yak
   240 | D        | Reached skill level 18 in Stealth
   241 | D        | Found a sparkling altar of Nemelex Xobeh.
   247 | D        | Became a worshipper of Hepliaklqana the Forgotten
   259 | D        | Found a burning altar of Makhleb.
   259 | D        | Found a shimmering altar of Xom.
   259 | D        | Noticed a slime creature
   260 | D        | Found a viscous altar of Jiyva.
   260 | D        | Found a corrupted altar of Lugonu.
   262 | D        | Killed a slime creature
   262 | D        | Reached skill level 19 in Stealth
   262 | D        | Reached XP level 7. HP: 48/48 MP: 7/7
   296 | D        | Noticed a kobold demonologist
   297 | D        | Noticed a kobold demonologist
   299 | D        | Killed a kobold demonologist
   299 | D        | Reached skill level 20 in Stealth
   301 | D        | Killed a kobold demonologist
   301 | D        | Reached skill level 21 in Stealth
   301 | D        | Reached XP level 8. HP: 54/54 MP: 8/8
   306 | D        | Reached skill level 22 in Stealth
   330 | D        | Noticed Sonja
   334 | D        | Killed Sonja
   334 | D        | Reached skill level 23 in Stealth
   353 | D        | Found Gubu's Gadget Boutique.
   373 | D        | Reached * piety under Hepliaklqana
   373 | D        | Noticed a deep troll
   377 | D        | Killed a deep troll
   377 | D        | Reached skill level 5 in Fighting
   377 | D        | Reached skill level 25 in Stealth
   377 | D        | Reached XP level 9. HP: 61/61 MP: 9/9
   400 | D        | Found Idifeib's Armour Emporium.
   404 | D        | Bought a +3 leather armour of fire resistance for 264 gold pieces
   719 | D        | Noticed a centaur warrior
   721 | D        | Noticed a centaur warrior
   723 | D        | Killed a centaur warrior
   723 | D        | Reached skill level 26 in Stealth
   724 | D        | Killed a centaur warrior
   724 | D        | Reached skill level 1 in Armour
   729 | D        | Reached skill level 5 in Throwing
   729 | D        | Reached skill level 27 in Stealth
   750 | D        | Noticed an oklob plant
   752 | D        | Killed an oklob plant
   752 | D        | Reached XP level 10. HP: 68/68 MP: 10/10
   781 | D        | Reached ** piety under Hepliaklqana
   782 | D        | Remembered your ancestor Arif as a knight
   784 | D        | Noticed an unseen horror
   784 | D        | Noticed an unseen horror
   882 | D        | Found the +8 orange crystal plate armour {Archmagi, Int+3 Clar}
   895 | D        | Reached skill level 10 in Short Blades
  1072 | D        | Killed an unseen horror
  1496 | D        | Found Ytiumm's Book Shoppe.
  1496 | D        | Found Caups's Food Shop.
  1496 | D        | Found Vas Oxky's Antique Armour Boutique.
  1498 | D        | Found Havyoq's General Store.
  1498 | D        | Found Mihuv's Magic Scroll Shop.
  1498 | D        | Found Hamyvyzo's Book Shoppe.
  1498 | D        | Found Zyoday's Antique Armour Boutique.
  1498 | D        | Found Pexkadog's Antique Weapon Emporium.
  1498 | D        | Found Poruraid's Magic Scroll Shop.
  1498 | D        | Found Uppiuwilee's General Store.
  1503 | D        | Found Pynwot's Antique Armour Boutique.
  1504 | D        | Found Nosiluc's Armour Emporium.
  1504 | D        | Found Liocseq's Distillery.
  1505 | D        | Found Zathom's Book Emporium.
  1563 | D        | Reached *** piety under Hepliaklqana
  1874 | D        | Noticed a shining eye
  1874 | D        | Noticed a shining eye
  1874 | D        | Noticed a shining eye
  1874 | D        | Noticed a shining eye
  1874 | D        | Noticed a shining eye
  1874 | D        | Noticed a shining eye
  1877 | D        | Noticed a shining eye
  1877 | D        | Noticed a shining eye
  1881 | D        | Gained mutation: Your body sometimes deteriorates upon taking damage. [a shining eye]
  1884 | D        | Killed a shining eye
  1884 | D        | Gained mutation: You are partially covered in large bone plates. (SH +4) [a shining eye]
  1886 | D        | Gained mutation: You have a pair of small horns on your head. [a shining eye]
  1886 | D        | Gained mutation: Armour fits poorly on your strangely shaped body. [a shining eye]
  1888 | D        | Gained mutation: You are weak. (Str -2) [a shining eye]
  1889 | D        | Gained mutation: You occasionally shout uncontrollably at your foes. [a shining eye]
  1892 | D        | Gained mutation: You expend magic power (3 MP) to strengthen your wands. [a shining eye]
  1896 | D        | Banished a shining eye
  1897 | D        | Gained mutation: You are clumsy. (Dex -2) [a shining eye]
  1901 | D        | Paralysed by a floating eye for 4 turns
  1902 | D        | Gained mutation: Potions are less effective at restoring your health. [a shining eye]
  1903 | D        | Killed a shining eye
  1905 | D        | Gained mutation: You are frail. (-10% HP) [a shining eye]
  1910 | D        | Paralysed by a floating eye for 3 turns
  1911 | D        | Killed a shining eye
  1913 | D        | Killed a shining eye
  1913 | D        | Reached XP level 11. HP: 69/69 MP: 11/11
  1918 | D        | Gained mutation: Your magical capacity is low. (-10% MP) [a shining eye]
  1920 | D        | Killed a shining eye
  1922 | D        | Banished a shining eye
  1927 | D        | Found Icumaseq's Magic Scroll Shop.
  1927 | D        | Found Ycajur's Antique Armour Shoppe.
  1927 | D        | Found Senefios's Magic Scroll Boutique.
  1927 | D        | Found Egoaq's Weapon Emporium.
  1953 | D        | Bought a scroll of enchant weapon for 90 gold pieces
  2003 | D        | Bought 2 potions of mutation for 224 gold pieces
  2003 | D        | Lost mutation: Potions are less effective at restoring your health. [potion of mutation]
  2003 | D        | Lost mutation: Your body sometimes deteriorates upon taking damage. [potion of mutation]
  2003 | D        | Gained mutation: Your spells are a little harder to cast, but a little more powerful. [potion of mutation]
  2004 | D        | Lost mutation: Your magical capacity is low. (-10% MP) [potion of mutation]
  2004 | D        | Lost mutation: You occasionally shout uncontrollably at your foes. [potion of mutation]
  2004 | D        | Lost mutation: You are frail. (-10% HP) [potion of mutation]
  2004 | D        | Lost mutation: You are clumsy. (Dex -2) [potion of mutation]
  2004 | D        | Gained mutation: You tend to lose your temper in combat. [potion of mutation]
  2004 | D        | Lost mutation: You are weak. (Str -2) [potion of mutation]
  2073 | D        | HP: 3/80 [demonic crawler (6)]
  2075 | D        | Mangled by a demonic crawler

Vault maps used:
D:        dungeon_sprint_1

Skill      XL: |  1  2  3  4  5  6  7  8  9 10 11 |
---------------+----------------------------------+-----
Fighting       | 2 3 4 5 6 8 9 |  9.2
Stealth        | 9 12 15 16 19 21 25 27 | 27.0
Short Blades   | 4 5 6 9 13 | 13.9
Throwing       | 2 3 4 5 |  5.6
Dodging        | 2 4 |  4.4
Armour         | 1 4 |  4.6

Action                   |  1- 3 |  4- 6 |  7- 9 | 10-12 || total
-------------------------+-------+-------+-------+-------++-------
Melee: Dagger            |     4 |     4 |     8 |       ||    16
       Bite              |     2 |       |       |    14 ||    16
       Short sword       |       |       |     6 |    72 ||    78
       Headbutt          |       |       |       |     9 ||     9
Invok: Ancestor Life: Kn |       |       |       |     1 ||     1
  Use: Potion            |     1 |       |       |     6 ||     7
       Scroll            |       |       |       |     2 ||     2
 Stab: Sleeping          |     1 |     4 |     9 |    11 ||    25
       Distracted        |       |       |       |     2 ||     2
Armor: Leather armour    |       |       |       |    14 ||    14
Dodge: Dodged            |     2 |       |       |    47 ||    49
Block: Other             |       |       |       |     3 ||     3

Table legend:
 A = Spawn XP
 B = Non-spawn XP
 C = Spawn XP percentage of total XP
 D = Spawn monster count
 E = Non-spawn monster count
 F = Spawn count percentage of total count
 G = Total turns spent on level
                    A         B        C        D         E        F      G
               +---------+---------+-------+---------+---------+-------+---------
         Total |       0 |   12749 |   0.0 |       0 |      44 |   0.0 |  2075
               +---------+---------+-------+---------+---------+-------+---------
             D |       0 |   12749 |   0.0 |       0 |      44 |   0.0 |  2075
               +---------+---------+-------+---------+---------+-------+---------
